 Dungeon Crawl Stone Soup version 0.26.0-18-gc5c842f807 (webtiles) character file.

Game seed: 6150051904515208645

2610 kaeus the Arsonist (level 9, -4/47 HPs)
             Began as a Gargoyle Fire Elementalist on Jan 23, 2021.
             Was a Priest of the Shining One.
             Slain by an orc warrior
             ... wielding a +2 vorpal battleaxe
              (13 damage)
             ... on level 6 of the Dungeon.
             The game lasted 00:12:25 (9948 turns).

kaeus the Arsonist (Gargoyle Fire Elementalist)     Turns: 9948, Time: 00:12:26

Health: -4/47      AC: 12    Str: 13    XL:     9   Next: 59%
Magic:  2/17       EV: 11    Int: 26    God:    the Shining One [***...]
Gold:   65         SH:  9    Dex: 10    Spells: 9/19 levels left

rFire    . . .     SeeInvis .   n - +0 mace (protect)
rCold    . . .     Faith    .   f - +1 buckler
rNeg     + + .     Spirit   .   w - +2 leather armour {rPois}
rPois    ∞         Reflect  +   (no helmet)
rElec    +         Harm     .   (no cloak)
rCorr    .         Rampage  .   u - +0 pair of gloves
Will     .....                  (no boots)
Stlth    +.........             g - amulet of reflection
HPRegen  0.15/turn              D - +6 ring of intelligence
MPRegen  0.15/turn              k - ring of wizardry

@: glowing
A: talons 1, negative energy resistance 1, electricity resistance, strong 1,
unbreathing, petrification resistance, miasma immunity, AC +6
a: Renounce Religion, Divine Shield


You were on level 6 of the Dungeon.
You worshipped the Shining One.
The Shining One was most pleased with you.
You visited 1 branch of the dungeon, and saw 6 of its levels.
You also visited: Sewer and Ossuary.

You collected 318 gold pieces.
You spent 253 gold pieces at shops.

Inventory:

Hand Weapons
 n - a +0 mace of protection (weapon)
Armour
 f - a +1 buckler (worn)
 u - a +0 pair of gloves (worn)
 w - a +2 leather armour of poison resistance (worn)
Jewellery
 e - a +6 ring of dexterity
 g - an amulet of reflection (around neck)
 k - a ring of wizardry (right hand)
 t - an uncursed ring of ice
 D - a +6 ring of intelligence (left hand)
 G - an uncursed ring of protection from fire {unknown}
Wands
 a - a wand of acid (5)
 s - a wand of paralysis (1)
Scrolls
 c - 4 scrolls of remove curse
 d - 5 scrolls of teleportation
 h - 5 scrolls of identify
 q - a scroll of fear {unknown}
 x - 2 scrolls of magic mapping
 y - a scroll of enchant armour
 B - a scroll of amnesia
 C - a scroll of random uselessness {unknown}
 F - a scroll of immolation {unknown}
 I - a scroll of enchant weapon {unknown}
Potions
 b - a potion of magic {unknown}
 i - 8 potions of curing {unknown}
 j - 3 potions of degeneration {unknown}
 l - 3 potions of lignification {unknown}
 m - 3 potions of haste {unknown}
 o - 2 potions of brilliance {unknown}
 p - a potion of mutation
 r - 2 potions of heal wounds
 v - a potion of flight {unknown}
 z - a potion of might {unknown}
 A - 2 potions of attraction {unknown}
 E - 2 potions of ambrosia {unknown}
 H - a potion of cancellation {unknown}


   Skills:
 + Level 1.0 Fighting
 + Level 1.0 Maces & Flails
 + Level 1.2 Armour
 + Level 1.9 Dodging
 - Level 2.1 Stealth
 + Level 1.0 Shields
 + Level 5.9 Spellcasting
 + Level 6.7 Conjurations
 + Level 9.2 Fire Magic
 + Level 0.6 Air Magic
 + Level 0.8 Evocations


You had 9 spell levels left.
You knew the following spells:

 Your Spells              Type           Power        Failure   Level
a - Foxfire               Conj/Fire      100%         1%          1
b - Sticky Flame          Conj/Fire      49%          1%          4
c - Fireball              Conj/Fire      24%          6%          5

Your spell library contained the following spells:

 Spells                   Type           Power        Failure   Level
 Conjure Flame            Conj/Fire      49%          1%          3
 Inner Flame              Hex/Fire       31%          2%          3
 Animate Skeleton         Necr           14%          5%          1
 Beastly Appendage        Tmut           14%          5%          1
 Pain                     Necr           28%          5%          1
 Wereblood                Tmut           7%           9%          2
 Spider Form              Tmut/Pois      3%           16%         3
 Vampiric Draining        Necr           3%           16%         3
 Animate Dead             Necr           3%           45%         4
 Ice Form                 Ice/Tmut       7%           45%         4
 Agony                    Necr           7%           78%         5
 Blade Hands              Tmut           3%           78%         5


Dungeon Overview and Level Annotations

Branches:
Dungeon (6/15)             Temple (0/1) D:4           Sewer (visited)
Ossuary (visited)

Altars:
Okawaru
The Shining One

Shops:
D:5 ?(?   D:6 *!


Innate Abilities, Weirdness & Mutations

You are resistant to torment.
Your stone body is resilient. (AC +6)
You are immune to poison.
You resist negative energy. (rN+)
You are resistant to electric shocks. (rElec)
You can survive without breathing.
You are immune to petrification.
You are immune to miasma.
You have sharp toenails.
Your muscles are strong. (Str +2)


Message History

Confirm with . or Enter, or press ? or * to list all spells.
You conjure some foxfire!
The orc warrior hits you with a +2 vorpal battleaxe!
The orc warrior hits your foxfire with a +2 vorpal battleaxe.
The orc warrior misses your foxfire.
You take 12 damage, and have 28/47 hp.
MASSIVE DAMAGE!!
You barely miss the orc warrior.
The orc warrior is heavily wounded.
The foxfire hits the orc warrior.
The orc warrior is severely wounded.
The foxfire hits the orc warrior but does no damage.
The orc warrior is severely wounded.
The orc warrior hits you with a +2 vorpal battleaxe!!
* * * LOW HITPOINT WARNING * * *
x2 You take 19 damage, and have 9/47 hp.
MASSIVE DAMAGE!!
You barely miss the orc warrior. You claw the orc warrior.
The orc warrior is almost dead.
A water moccasin skeleton comes into view.
The orc warrior hits you with a +2 vorpal battleaxe!
You die...

## *,**,**≈,,,,≈**,*#)#..#
.# *,,*,,**,≈≈,*#,,*..##.#
.# **,**,,*#####.,##.#.#.#
.### *,,*,,,......##≈.#.#)#
.'.####,,**,8,.8.##..##.#.#
.#....#,,Z######.#......#.#
.######*,.≈..≈≈..≈..##..#.#
.# *,≈..≈..§o.≈.###.#.# ##
**...≈..†@..## #.#.#
*#.≈....≈.## #.#.#
########## #.#.# #.#.#
#.#.# #.#.# #.#.# #.#.#
#.#.#


You could see an orc warrior and a water moccasin skeleton (wandering).

Vanquished Creatures
  2 sky beasts
  3 phantoms
  An ogre (D:4)
  A black bear (D:6)
  2 centaurs (D:6)
  6 big kobolds (Sewer)
  3 bullfrogs
  A scorpion (D:5)
  A howler monkey (D:6)
  A bullfrog zombie (Ossuary)
  2 centaur zombies
  A hound (D:6)
  A centaur skeleton (D:5)
  3 jellies
  An orc priest (D:3)
  3 orc wizards
  A bullfrog skeleton (D:6)
  A worker ant (D:5)
  Ijyb (D:5)
  3 iguanas
  A killer bee zombie (Ossuary)
  2 hound zombies (Ossuary)
  A hound skeleton (D:4)
  12 mummies
  A howler monkey zombie (Ossuary)
  16 adders
  2 white imps
  An ufetubus (D:6)
  4 oozes
  An adder skeleton (D:4)
  4 dart slugs
  5 worms
  3 leopard geckos
  20 orcs
  4 bats
  A giant cockroach (D:3)
  6 goblins
  4 hobgoblins
  10 jackals
  7 quokkas
  4 ball pythons
  9 frilled lizards
  A giant cockroach zombie (Ossuary)
  A jackal skeleton (D:6)
  A jackal zombie (Ossuary)
  10 kobolds
  A leopard gecko zombie (Ossuary)
  2 orc zombies (D:6)
  2 quokka zombies (Ossuary)
  8 rats
182 creatures vanquished.

Vanquished Creatures (collateral kills)
  A foxfire (Ossuary)
1 creature vanquished.

Vanquished Creatures (others)
  588 foxfires
  11 withered plants (Ossuary)
599 creatures vanquished.

Grand Total: 782 creatures vanquished

Notes
Turn   | Place    | Note
-------+----------+-------------------------------------------
     0 | D:1      | kaeus the Gargoyle Fire Elementalist began the quest for
                  | the Orb.
     0 | D:1      | Reached XP level 1. HP: 10/10 MP: 3/3
   696 | D:1      | Found a glowing golden altar of the Shining One.
   699 | D:1      | Reached XP level 2. HP: 15/15 MP: 1/5
   705 | D:1      | Became a worshipper of the Shining One
  1439 | D:2      | Found an iron altar of Okawaru.
  1458 | D:2      | Reached XP level 3. HP: 19/19 MP: 1/6
  2321 | D:2      | Reached skill level 4 in Fire Magic
  2321 | D:2      | Reached XP level 4. HP: 24/24 MP: 0/7
  3364 | D:3      | Reached XP level 5. HP: 28/28 MP: 5/9
  3937 | D:3      | Learned a level 4 spell: Sticky Flame
  4419 | D:4      | Noticed a phantom
  4432 | D:4      | Found a glowing drain.
  4461 | Sewer    | Entered a sewer
  4744 | Sewer    | Noticed a big kobold
  4784 | Sewer    | Killed a big kobold
  4785 | Sewer    | Reached skill level 5 in Fire Magic
  4785 | Sewer    | Reached XP level 6. HP: 18/32 MP: 8/10
  5116 | Sewer    | Reached * piety under the Shining One
  5209 | Sewer    | Reached XP level 7. HP: 35/36 MP: 10/12
  5387 | Sewer    | Reached skill level 6 in Fire Magic
  6188 | D:4      | Learned a level 5 spell: Fireball
  6272 | D:4      | Found a staircase to the Ecumenical Temple.
  6370 | D:4      | Reached XP level 8. HP: 41/41 MP: 8/14
  6489 | D:4      | Reached skill level 7 in Fire Magic
  6581 | D:4      | Reached skill level 5 in Conjurations
  7010 | D:5      | Entered Level 5 of the Dungeon
  7457 | D:5      | Noticed Ijyb
  7472 | D:5      | Paralysed by Ijyb for 6 turns
  7479 | D:5      | Killed Ijyb
  7656 | D:5      | Reached skill level 5 in Spellcasting
  7728 | D:5      | Found Hizy's Antique Weapon Shop.
  7792 | D:5      | Found Kalocuti's Magic Scroll Boutique.
  7834 | D:5      | Reached skill level 8 in Fire Magic
  8286 | D:5      | Found Seaxtan's Magic Scroll Boutique.
  8292 | D:5      | Bought a scroll of magic mapping for 42 gold pieces
  8292 | D:5      | Bought a scroll of magic mapping for 42 gold pieces
  8407 | D:6      | Found a sand-covered staircase.
  8423 | Ossuary  | Entered an ossuary
  8463 | Ossuary  | Reached ** piety under the Shining One
  8464 | Ossuary  | Reached XP level 9. HP: 45/45 MP: 10/17
  8812 | Ossuary  | Reached *** piety under the Shining One
  9244 | D:6      | Found Pugaitior's Distillery.
  9261 | D:6      | Bought a potion of heal wounds for 65 gold pieces
  9261 | D:6      | Bought a potion of mutation for 104 gold pieces
  9261 | D:6      | Gained mutation: You have sharp toenails. [potion of
                  | mutation]
  9261 | D:6      | Gained mutation: Your muscles are strong. (Str +2) [potion
                  | of mutation]
  9331 | D:6      | Reached skill level 9 in Fire Magic
  9540 | D:6      | Found Peun's General Store.
  9924 | D:6      | Reached skill level 1 in Armour
  9924 | D:6      | Reached skill level 1 in Shields
  9929 | D:6      | Reached skill level 1 in Fighting
  9929 | D:6      | Reached skill level 1 in Maces & Flails
  9948 | D:6      | Slain by an orc warrior

Illustrated notes

Levels and vault maps discovered:
D:1:      lightli_arrival_lavapool, layout_basic, tso_altar
D:2:      layout_basic, minmay_tree_intersection, okawaru_metal_pillars_1_2
D:3:      layout_loops_ring
D:4:      layout_basic, minmay_temple_entry_glass, portal_sewer_entry_d,
          hangedman_decor_opposing, st_stairs_10, minmay_pentomino_pile
D:5:      layout_basic, serial_shops, nicolae_shop_crystal, shop, shop,
          saegor_snake_ambush, uniq_ijyb
D:6:      layout_loops_ring, nicolae_ossuary_entry_giza, serial_shops,
          nicolae_shop_stone, shop, grunt_ministairs_15,
          hangedman_abyss_or_decor_lesser_grid, minmay_fountain_box,
          nzn_random_ring

Skill      XL: |  1  2  3  4  5  6  7  8  9 |
---------------+----------------------------+-----
Conjurations   | 2 3 4 6 |  6.7
Fire Magic     | 4 5 6 8 9 |  9.2
Spellcasting   | 3 4 5 |  5.9
Armour         | 1 |  1.2
Shields        | 1 |  1.0
Fighting       | 1 |  1.0
Maces & Flails | 1 |  1.0
Dodging        | |  1.9
Stealth        | |  2.1
Air Magic      | |  0.6
Evocations     | |  0.8

Action                   |  1- 3 |  4- 6 |  7- 9 || total
-------------------------+-------+-------+-------++-------
Melee: Short sword       |    25 |    12 |       ||    37
       Unarmed           |     7 |       |       ||     7
       Mace              |       |   129 |   242 ||   371
       Kick              |       |       |     5 ||     5
 Cast: Foxfire           |    62 |   137 |   286 ||   485
  Use: Scroll            |     3 |     2 |     7 ||    12
       Potion            |       |       |     1 ||     1
Armor: Robe              |     8 |    48 |    48 ||   104
       Leather armour    |       |       |    48 ||    48
Dodge: Dodged            |     8 |    79 |   109 ||   196
Block: Buckler           |     5 |    62 |   110 ||   177
       Reflection        |       |     1 |     5 ||     6
